Map: Glittering Ashes LE

Players

Kestnuts - Winner!

  • Race: Zerg Zerg
  • League: Diamond
  • Spawn Location: 1:00

Satyr

  • Race: Terran Terran
  • League: Diamond
  • Spawn Location: 7:00

VOD

Have the link to the VOD?

Description

Super proud of this one, but please feel free to nitpick!

Time

  • Played on: May 17, 2022, 1:25 a.m.
  • Length: 23:39
Show
View Real Time Build Order
Export as new Build Order

Kestnuts Zerg - Winner!

Build Orders: Hatch First 

Get SALT Encoding   

  12  0:00  Drone  
  13  0:13  Overlord  
  13  0:17  Drone  
  14  0:31  Drone  
  14  0:32  Drone  
  16  0:47  Hatchery  
  15  0:52  Drone  
  15  0:56  Drone  
  17  0:58  Drone  
  18  1:11  Extractor  
  18  1:14  Spawning Pool  
  18  1:16  Drone  
  17  1:20  Drone  
  18  1:29  Drone  
  19  1:41  Drone  
  20  1:50  Drone  
  21  2:01  Zergling x4, Queen  
  21  2:02  Queen  
  27  2:14  Hatchery  
  26  2:22  Drone x2  
  28  2:25  Overlord  
  28  2:36  Metabolic Boost  
  27  2:44  Drone x2  
  27  2:46  Drone  
  27  2:47  Drone  
  27  2:48  Drone  
  32  2:53  Overlord  
  32  3:00  Queen  
  32  3:01  Drone  
  35  3:06  Drone  
  35  3:11  Queen  
  38  3:16  Drone x3  
  38  3:18  Drone  
  42  3:20  Drone  
  42  3:22  Drone  
  44  3:30  Drone x2  
  44  3:32  Overlord  
  46  3:36  Overlord  
  46  3:45  Zergling x4  
  46  3:47  Overlord, Drone x2  
  50  3:51  Queen  
  52  3:56  Queen  
  52  3:58  Zergling x2  
  52  3:59  Zergling x2  
  52  4:00  Drone  
  57  4:08  Drone x5  
  62  4:15  Roach Warren  
  62  4:16  Zergling x4  
  63  4:18  Drone  
  63  4:19  Drone  
  63  4:21  Overlord  
  65  4:31  Drone x6  
  66  4:32  Drone  
  66  4:34  Overlord  
  72  4:39  Lair  
  72  4:43  Spore Crawler  
  72  4:44  Spore Crawler  
  70  4:46  Drone, Spore Crawler  
  70  4:48  Drone  
  71  5:00  Drone x7  
  71  5:05  Extractor  
  78  5:07  Zergling x14  
  84  5:16  Overlord x4  
  84  5:34  Queen  
  86  5:41  Extractor  
  86  5:42  Extractor x2  
  83  5:44  Extractor  
  83  5:45  Drone  
  83  5:46  Drone x2  
  83  5:47  Drone  
  83  5:48  Drone x3  
  83  5:49  Drone x2  
  91  5:56  Hatchery  
  90  5:57  Drone x2  
  90  5:58  Drone x3  
  90  5:59  Zergling x6  
  98  6:05  Baneling Nest  
  98  6:06  Evolution Chamber, Drone x3  
  98  6:07  Evolution Chamber  
  98  6:20  Hatchery  
  98  6:21  Spore Crawler  
  98  6:22  Spore Crawler  
  98  6:25  Spore Crawler  
  94  6:34  Drone  
  93  6:42  Drone x3  
  93  6:43  Spire  
  93  6:49  Roach x10  
  93  6:53  Overlord x4  
  113  6:57  Zerg Ground Armor Level 1, Zerg Missile Weapons Level 1  
  113  6:58  Glial Reconstitution  
  113  7:07  Queen  
  115  7:15  Drone x5  
  117  7:16  Drone x3  
  123  7:26  Queen  
  125  7:32  Queen  
  125  7:33  Drone x3  
  125  7:34  Drone x10  
  125  7:35  Overlord  
  140  7:52  Extractor, Drone x3  
  140  7:53  Zergling x10, Extractor  
  140  7:54  Centrifugal Hooks  
  146  7:59  Corruptor x3  
  146  8:01  Corruptor  
  146  8:02  Corruptor x2  
  158  8:12  Overlord x5  
  158  8:18  Zerg Flyer Armor Level 1  
  158  8:23  Drone, Infestation Pit  
  158  8:48  Drone  
  159  8:49  Drone  
  159  8:51  Overlord x3  
  159  8:52  Zergling x28  
  159  8:53  Zergling x14  
  159  8:54  Baneling x8  
  159  8:55  Baneling x10, Hatchery  
  180  8:56  Ravager x9  
  180  8:57  Ravager  
  180  9:00  Hive  
  190  9:13  Roach  
  190  9:14  Roach x4  
  200  9:24  Zerg Melee Weapons Level 1, Zerg Missile Weapons Level 2  
  200  9:28  Evolution Chamber, Drone  
  163  10:10  Roach x2  
  163  10:11  Roach x4, Zergling x44  
  163  10:12  Zerg Flyer Weapons Level 1  
  156  10:35  Roach  
  156  10:36  Roach x5, Zergling x18  
  156  10:38  Baneling  
  156  10:39  Baneling x22  
  175  11:02  Viper  
  175  11:03  Viper x3  
  187  11:07  Ravager x8  
  187  11:08  Zergling x10  
  192  11:32  Adrenal Glands  
  192  11:39  Extractor  
  191  11:40  Zergling x18, Extractor  
  191  11:42  Baneling  
  191  11:43  Baneling x17  
  199  11:49  Zerg Melee Weapons Level 2  
  199  11:53  Zerg Missile Weapons Level 3  
  172  12:08  Roach  
  172  12:09  Roach x6, Zergling x22  
  172  12:10  Zergling x14  
  196  12:22  Zerg Flyer Weapons Level 2  
  196  12:29  Zerg Ground Armor Level 2  
  196  12:32  Zergling x6  
  194  12:45  Overseer x6  
  159  13:05  Zergling x18  
  159  13:06  Zergling x30  
  178  13:13  Pneumatized Carapace  
  177  13:20  Roach x3  
  177  13:21  Roach x3  
  164  13:35  Drone  
  164  13:36  Drone x8  
  168  13:42  Corruptor  
  168  13:43  Corruptor x4  
  178  13:49  Ravager  
  178  13:50  Ravager x3  
  178  13:55  Drone x6  
  188  14:03  Spore Crawler  
  188  14:05  Spine Crawler  
  188  14:07  Spine Crawler  
  188  14:08  Spine Crawler  
  184  14:10  Drone x4, Spine Crawler  
  184  14:11  Drone  
  184  14:14  Baneling x3  
  184  14:15  Baneling x18  
  184  14:16  Zergling x14  
  195  14:18  Hatchery  
  194  14:26  Ravager  
  194  14:27  Ravager x4  
  199  14:38  Zerg Flyer Armor Level 2  
  181  14:47  Zergling x4  
  181  14:49  Overlord x5  
  176  14:58  Overlord x3  
  176  15:00  Zerg Melee Weapons Level 3, Zerg Ground Armor Level 3  
  176  15:06  Drone  
  177  15:14  Ravager  
  178  15:15  Zergling x40  
  178  15:16  Zergling x4  
  200  15:34  Baneling  
  200  15:35  Baneling x10  
  200  15:36  Overseer x5  
  200  15:46  Spire, Drone  
  198  16:06  Baneling x11  
  198  16:08  Zergling x6  
  197  16:27  Extractor  
  197  16:29  Extractor  
  197  16:30  Zergling x22  
  199  16:37  Baneling x8  
  194  16:56  Zergling x30  
  176  17:03  Zergling x14  
  176  17:04  Zergling x36  
  176  17:08  Zergling x2  
  183  17:11  Roach x6  
  184  17:15  Corruptor  
  184  17:16  Corruptor  
  184  17:17  Corruptor, Viper x2  
  184  17:20  Drone  
  184  17:21  Drone x6  
  195  17:26  Baneling x16  
  195  17:32  Viper  
  196  17:38  Ravager x3  
  196  17:39  Baneling  
  196  17:40  Baneling x12  
  194  18:11  Greater Spire  
  194  18:12  Zerg Flyer Weapons Level 3  
  177  18:15  Zergling x36  
  177  18:16  Zergling x16  
  190  18:22  Roach  
  188  18:28  Overlord  
  188  18:29  Queen  
  173  18:39  Drone x12  
  174  18:43  Drone x4  
  176  18:50  Viper  
  176  18:53  Drone x6  
  185  19:02  Baneling x17  
  185  19:04  Ravager x4  
  185  19:06  Zergling x14  
  196  19:17  Spine Crawler x2, Drone x4  
  196  19:18  Drone  
  196  19:19  Zergling x4, Spine Crawler  
  195  19:40  Baneling  
  195  19:41  Baneling x11  
  195  19:44  Overseer x5  
  194  19:51  Zergling x10  
  198  20:12  Hatchery  
  193  20:16  Zergling x26  
  193  20:17  Zergling x8  
  188  20:22  Zergling x22  
  188  20:23  Zergling x6  
  188  20:26  Baneling x15  
  199  20:46  Zerg Flyer Armor Level 3  
  199  21:06  Spore Crawler  
  199  21:09  Spine Crawler  
  199  21:10  Spine Crawler x2  
  187  21:31  Brood Lord x6  
  199  21:40  Hatchery  
  191  22:04  Brood Lord x4  
  199  22:13  Zergling x2  
  196  22:27  Brood Lord x2  
  196  22:29  Zergling x28  
  199  22:30  Zergling x6  
  199  22:32  Baneling  
  199  22:33  Baneling  
  198  22:54  Baneling x4  
  198  22:55  Baneling x14  
  198  23:00  Extractor  
  198  23:02  Extractor x3  
  198  23:05  Baneling x6  
Show
View Real Time Build Order
Export as new Build Order

Satyr Terran 

Build Orders: Gas First Reaper Expand, Mech 

Get SALT Encoding   

  12  0:00  SCV  
  13  0:12  SCV  
  14  0:17  Supply Depot  
  14  0:24  SCV  
  14  0:27  Refinery  
  15  0:38  SCV  
  16  0:45  Barracks  
  16  0:50  SCV  
  17  1:02  SCV  
  18  1:15  SCV  
  19  1:33  Reaper, Orbital Command  
  20  1:46  Command Center  
  20  2:00  Factory, SCV  
  21  2:09  Barracks Reactor  
  21  2:13  Supply Depot  
  21  2:15  SCV  
  22  2:26  Bunker  
  22  2:27  SCV  
  23  2:30  Refinery  
  23  2:39  SCV  
  24  2:51  SCV  
  24  2:56  Widow Mine x2  
  29  2:58  Orbital Command  
  29  3:02  Marine  
  29  3:04  SCV  
  31  3:09  Starport  
  31  3:17  Widow Mine, SCV  
  31  3:18  Widow Mine  
  36  3:23  SCV  
  37  3:32  Marine  
  37  3:33  SCV  
  39  3:36  Refinery  
  39  3:43  Hellion x2  
  39  3:45  SCV  
  39  3:46  SCV  
  45  3:48  Fusion Core  
  45  3:57  SCV  
  46  4:05  Supply Depot  
  46  4:10  Supply Depot  
  46  4:17  Starport Tech Lab  
  46  4:27  SCV x2  
  46  4:29  Supply Depot  
  46  4:31  Factory Tech Lab  
  48  4:37  Battlecruiser  
  54  4:39  SCV x2  
  56  4:47  Refinery  
  56  4:48  Supply Depot  
  56  4:51  SCV x2  
  58  4:54  Siege Tank, Supply Depot  
  61  5:03  Engineering Bay, SCV  
  62  5:11  Infernal Pre-Igniter  
  62  5:17  Factory  
  62  5:20  SCV  
  63  5:24  SCV  
  64  5:29  Command Center  
  64  5:31  Factory  
  64  5:33  SCV  
  65  5:36  SCV  
  65  5:40  Siege Tank  
  69  5:52  SCV  
  69  5:58  SCV  
  69  6:01  Supply Depot  
  70  6:04  SCV  
  70  6:05  Missile Turret  
  70  6:09  Hellion x2  
  75  6:15  Battlecruiser  
  75  6:17  Hellion  
  85  6:19  Factory Tech Lab  
  83  6:32  Weapon Refit  
  81  7:01  Siege Tank x2  
  87  7:02  Hellion x2  
  87  7:07  Refinery  
  91  7:08  SCV x2  
  91  7:10  Refinery  
  93  7:18  Factory, Command Center  
  93  7:20  Factory, SCV x2  
  93  7:21  Factory  
  93  7:22  Orbital Command  
  97  7:30  Hellion x2  
  97  7:35  Siege Tank  
  102  7:41  Armory  
  102  7:46  SCV x2  
  102  7:50  Armory  
  104  7:53  SCV  
  105  7:58  SCV x2  
  105  8:05  SCV  
  108  8:10  Factory Tech Lab x3, SCV  
  109  8:14  Mag-Field Accelerator  
  109  8:19  Hellion x2, SCV  
  114  8:20  Supply Depot  
  114  8:23  Supply Depot  
  114  8:27  Supply Depot  
  114  8:30  Thor  
  120  8:38  Orbital Command  
  120  8:43  Battlecruiser  
  120  8:45  Terran Vehicle Weapons Level 1  
  120  8:48  Terran Vehicle And Ship Armor Level 1  
  126  8:52  Hi-Sec Auto Tracking  
  126  8:56  Cyclone  
  126  8:57  Hellion  
  131  9:07  Cyclone x2  
  131  9:08  Hellion  
  131  9:09  Hellion  
  141  9:13  Missile Turret  
  141  9:16  Missile Turret  
  141  9:18  Cyclone  
  144  9:40  Siege Tank x3  
  144  9:41  Hellion  
  155  9:49  Hellion x2  
  159  10:06  Siege Tank  
  134  10:11  Siege Tank, SCV  
  134  10:12  SCV x2  
  102  10:14  Siege Tank x2  
  102  10:22  Hellion x2  
  103  10:32  Hellion  
  96  10:38  SCV x2  
  96  10:39  Hellion  
  96  10:42  Thor  
  100  10:46  Factory  
  100  10:48  Factory, SCV x2  
  108  10:51  Siege Tank  
  108  10:55  Cyclone  
  108  10:56  Cyclone  
  117  10:58  Command Center  
  117  11:07  Thor  
  117  11:09  Hellion x2  
  127  11:17  Refinery  
  127  11:18  Terran Vehicle Weapons Level 2  
  127  11:20  Refinery  
  127  11:23  Hellion  
  129  11:26  Hellion  
  129  11:27  Hellion  
  129  11:28  Terran Vehicle And Ship Armor Level 2, Hellion  
  129  11:32  Factory Tech Lab x2  
  135  11:34  Hellion x2  
  135  11:38  Orbital Command  
  139  11:47  Factory  
  139  11:50  Factory  
  139  11:51  Refinery  
  139  11:52  Hellion, Cyclone, Refinery  
  139  11:53  Hellion  
  146  11:57  Widow Mine x2  
  146  11:59  Hellion x2  
  144  12:10  Thor  
  150  12:21  Hellion, Siege Tank  
  150  12:22  Hellion x2  
  159  12:31  Factory Tech Lab  
  159  12:40  Orbital Command  
  159  12:44  Factory Tech Lab  
  159  12:45  Siege Tank x2  
  159  12:46  Hellion x2, Cyclone  
  172  13:00  Siege Tank x2  
  124  13:13  Hellion x2, Siege Tank x2  
  124  13:14  Orbital Command  
  110  13:34  Siege Tank x3  
  110  13:35  Siege Tank  
  108  13:42  Siege Tank  
  111  13:49  Orbital Command  
  111  14:00  Terran Vehicle Weapons Level 3  
  111  14:15  Thor  
  117  14:24  Hellion x2  
  117  14:28  SCV x5  
  120  14:43  Siege Tank x2  
  106  14:46  Battlecruiser  
  100  14:55  Refinery  
  100  14:56  Widow Mine x2, Refinery  
  100  14:57  Widow Mine  
  103  15:02  Widow Mine x2  
  103  15:04  Terran Vehicle And Ship Armor Level 3  
  107  15:11  SCV x4  
  111  15:14  Thor  
  117  15:22  Thor  
  123  15:33  Thor  
  123  15:34  Cyclone  
  123  15:35  Hellion x4  
  140  15:40  Missile Turret  
  140  15:41  Missile Turret  
  140  15:51  Battlecruiser  
  140  15:54  Hellion x3  
  152  15:59  Cyclone  
  153  16:09  Thor  
  159  16:11  SCV  
  159  16:12  SCV x3  
  159  16:38  Cyclone  
  159  16:39  Hellion x2, Cyclone x2  
  172  16:40  Hellion  
  172  16:44  Terran Ship Weapons Level 1, Supply Depot  
  172  16:45  Supply Depot x2  
  164  16:56  Cyclone  
  164  16:59  Hellion x3  
  144  17:01  Thor  
  144  17:03  Hellion x2  
  128  17:10  SCV x2  
  124  17:22  Battlecruiser  
  130  17:23  Siege Tank x2  
  136  17:35  Siege Tank x2  
  130  17:47  Hellion x3  
  130  17:58  Siege Tank x2  
  126  18:05  Siege Tank  
  101  18:22  Hellion x3  
  102  18:32  Hellion  
  102  18:33  Hellion x2, Orbital Command  
  86  18:46  Refinery  
  86  18:49  Missile Turret  
  80  19:02  SCV x4  
  84  19:06  Cyclone x3  
  93  19:14  SCV  
  93  19:15  Thor  
  100  19:18  SCV x2  
  102  19:32  Thor  
  102  19:33  Thor  
  102  19:35  Hellion  
  102  19:36  Hellion  
  102  19:38  Cyclone x2  
  113  20:20  Thor  
  102  20:24  Hellion x4  
  102  20:25  Hellion x2  
  110  20:34  SCV x2  
  112  20:36  Refinery x2  
  112  20:41  Missile Turret x2, Command Center, Refinery  
  112  20:42  Missile Turret  
  112  20:52  Hellion x2  
  112  20:53  Hellion, Orbital Command  
  118  21:17  Missile Turret  
  110  21:19  Hellion x3  
  116  21:34  Hellion x2, Cyclone  
  116  21:35  Hellion  
  125  21:53  SCV x3  
  120  22:05  SCV  
  120  22:08  Cyclone x2  
  122  22:25  Orbital Command  
  118  22:35  Hellion x7  
  118  22:40  Siege Tank x2  
  118  22:41  Hellion x2  
  128  22:49  Refinery  
  128  22:59  Siege Tank  
Tags
 
Add a new tag
Caveats
  • Supply blocks, unpowered buildings, or Contaminate may cause inaccurate times.
  • Supply counts are checked every 10 seconds.